Cogmind - Beta 11 X7 --- EXPLORER MODE // 2021.10.06 @ 14:55:18 // Winter2019/RPGLIKE Player: jfk Result: Self-destructed Performance ------------- Evolutions (1) 500 Regions Visited (4) 800 Robots Destroyed (0) 0 Value Destroyed (0) 0 Prototype IDs (23) 460 Alien Tech Used (0) 0 Bonus (500) 500 TOTAL SCORE: 2260 Bonus ------- Pacifist 200 Aligned with FarCom 300 Cogmind --------- Core Integrity 441/600 Matter 300/300 Energy 100/100 System Corruption 0% Temperature Cool (1) Movement Flying (40) Location -9/Exiles Parts ------- > --- POWER (1) -------- (None) > --- PROPULSION (1) --- Flight Unit > --- UTILITY (1) ------ (None) > --- WEAPON (1) ------- (None) > --- INVENTORY (0) ---- (None) Peak State ------------ > --- POWER ------------ (None) > --- PROPULSION ------- Flight Unit > --- UTILITY ---------- (None) > --- WEAPON ----------- (None) > --- INVENTORY -------- (None) [Rating: 1] Favorites ----------- Power None Propulsion Flight Unit Flight Unit Flight Unit Utility None Weapon None Build | -11 -10 -9 -9 -9 ------- Run | Scr Mat Mat Min Exi Slots Evolved . | . . . . . Power . | . . . . . Propulsion . | . . . . . Utility . | . . . . . Weapon . | . . . . . Parts Attached 1 | . 1 . . . Power . | . . . . . Engine . | . . . . . Core . | . . . . . Reactor . | . . . . . Propulsion 1 | . 1 . . . Treads . | . . . . . Leg . | . . . . . Wheel . | . . . . . Hover . | . . . . . Flight 1 | . 1 . . . Utility . | . . . . . Device . | . . . . . Storage . | . . . . . Processor . | . . . . . Hackware . | . . . . . Protection . | . . . . . Artifact . | . . . . . Weapon . | . . . . . Energy Gun . | . . . . . Energy Cannon . | . . . . . Ballistic Gun . | . . . . . Ballistic Cannon . | . . . . . Launcher . | . . . . . Special Weapon . | . . . . . Impact Weapon . | . . . . . Slashing Weapon . | . . . . . Piercing Weapon . | . . . . . Special Melee Weapon . | . . . . . Unidentified Prototypes . | . . . . . Parts Lost . | . . . . . Power . | . . . . . Propulsion . | . . . . . Utility . | . . . . . Weapon . | . . . . . Highest Loss Streak . | . . . . . Average Slot Usage (%) 21 | . 12 25 25 25 Flight 21 | . 12 25 25 25 Naked Turns 34 | . 34 . . . Heaviest Build . | . . . . . Greatest Support 4 | 3 4 4 4 4 Greatest Overweight (x) . | . . . . . Average Overweight (x) . | . . . . . Largest Inventory Capacity . | . . . . . Average Capacity . | . . . . . Most Carried . | . . . . . Average Carried . | . . . . . Final Capacity . | . . . . . Final Carried . | . . . . . Class Distribution -------------------- 100% | Hacker-Mutant Dominant Class ---------------- Hacker-Mutant | -10/Materials Hacker-Mutant | -9/Materials Hacker-Mutant | -9/Mines Hacker-Mutant | -9/Exiles Resources | -11 -10 -9 -9 -9 ----------- Run | Scr Mat Mat Min Exi Matter Collected 210 | 200 . 10 . . Remotely . | . . . . . Salvage Created . | . . . . . Parts . | . . . . . Haulers Intercepted . | . . . . . Recyclers Shooed . | . . . . . Parts Field Recycled . | . . . . . Retrieved Matter . | . . . . . Parts Self-Destructed . | . . . . . Prevented . | . . . . . Kills | -11 -10 -9 -9 -9 ------- Run | Scr Mat Mat Min Exi Combat Hostiles Destroyed . | . . . . . Classes Destroyed . | . . . . . Best Kill Streak . | . . . . . Combat Bots Only . | . . . . . Max Kills in Single Turn . | . . . . . Gunslinging . | . . . . . Exploded . | . . . . . Melee . | . . . . . Uniques/NPCs Destroyed . | . . . . . Combat | -11 -10 -9 -9 -9 -------- Run | Scr Mat Mat Min Exi Damage Taken 176 | . 99 19 58 . Core 174 | . 99 17 58 . Absorbed by Shields . | . . . . . Redirected to Core 4 | . . 4 . . Core Remaining (%) 91 | 100 83 . . . Volleys Fired . | . . . . . Largest . | . . . . . Hottest . | . . . . . Shots Fired . | . . . . . Gun . | . . . . . Cannon . | . . . . . Launcher . | . . . . . Special . | . . . . . Kinetic . | . . . . . Thermal . | . . . . . Explosive . | . . . . . Electromagnetic . | . . . . . Robot Hit Streak . | . . . . . Robot Miss Streak . | . . . . . Penetration Max . | . . . . . Secondary Targets . | . . . . . Shots Hit Robots . | . . . . . Core Hits . | . . . . . Critical Kills . | . . . . . Critical Parts Destroyed . | . . . . . Critical Strikes . | . . . . . Melee Attacks . | . . . . . Impact . | . . . . . Slashing . | . . . . . Piercing . | . . . . . Sneak Attacks . | . . . . . Combat Hostiles . | . . . . . Follow-up Attacks . | . . . . . Damage Inflicted . | . . . . . Guns . | . . . . . Cannons . | . . . . . Explosions . | . . . . . Melee . | . . . . . Ramming . | . . . . . Kinetic . | . . . . . Thermal . | . . . . . Explosive . | . . . . . Electromagnetic . | . . . . . Impact . | . . . . . Slashing . | . . . . . Piercing . | . . . . . Highest Corruption . | . . . . . Average Corruption . | . . . . . Corruption Purged . | . . . . . Overload Shots . | . . . . . Overflow Damage . | . . . . . Projectiles . | . . . . . Explosions . | . . . . . Melee . | . . . . . Knockbacks . | . . . . . Impact . | . . . . . Kinetic . | . . . . . Secondary . | . . . . . Self-Inflicted Damage . | . . . . . Shots . | . . . . . Rammed . | . . . . . Targets Rammed . | . . . . . Kicked . | . . . . . Crushed . | . . . . . Highest Temperature . | . . . . . Average Temperature . | . . . . . Received Heat Transfer 96 | . 78 18 . . Siege Activations . | . . . . . Robots Corrupted . | . . . . . Combat Hostiles . | . . . . . Parts Fried . | . . . . . Impact Corruptions . | . . . . . Robots Melted . | . . . . . Combat Hostiles . | . . . . . Parts Melted . | . . . . . Heat Transferred . | . . . . . Parts Sabotaged . | . . . . . Parts Stolen . | . . . . . Parts Stripped . | . . . . . Power Chain Reactions . | . . . . . Missiles Intercepted . | . . . . . Alert | -11 -10 -9 -9 -9 ------- Run | Scr Mat Mat Min Exi Peak Influence 42 | . 42 18 19 . Initial 12 | . . 12 4 . Average 15 | . 18 14 16 . Maximum Alert Level . | . . . . . Low Security (%) 100 | 100 100 100 100 . Level 1 . | . . . . . Level 2 . | . . . . . Level 3 . | . . . . . Level 4 . | . . . . . Level 5 . | . . . . . High Security . | . . . . . Max Security . | . . . . . Squads Dispatched 1 | . . 1 . . Investigation 1 | . . 1 . . Extermination . | . . . . . Reinforcement . | . . . . . Assault . | . . . . . Garrison . | . . . . . Intercept . | . . . . . Construction Impeded . | . . . . . Haulers Reinforced . | . . . . . Active Scanning Responses . | . . . . . Cargo Convoy Interrupts . | . . . . . Stealth | -11 -10 -9 -9 -9 --------- Run | Scr Mat Mat Min Exi Distress Signals 1 | . . 1 . . Communications Jammed . | . . . . . Distress Signals . | . . . . . Times Spotted 15 | . 7 2 6 . Peak Tracking Total 7 | . 7 2 5 . Tactical Retreats . | . . . . . Traps | -11 -10 -9 -9 -9 ------- Run | Scr Mat Mat Min Exi Traps Triggered . | . . . . . Indirectly . | . . . . . Trap Hack Attempts . | . . . . . Triggered . | . . . . . Disarmed . | . . . . . Reprogrammed . | . . . . . Reused . | . . . . . Traps Extracted . | . . . . . Installed . | . . . . . Triggered . | . . . . . Machines | -11 -10 -9 -9 -9 ---------- Run | Scr Mat Mat Min Exi Machines Disabled . | . . . . . Max in Single Turn . | . . . . . Machines Sabotaged . | . . . . . Garrisons Compromised . | . . . . . Overloaded Fab Kills . | . . . . . Fab Network Shutdowns . | . . . . . Hacking | -11 -10 -9 -9 -9 --------- Run | Scr Mat Mat Min Exi Machines Accessed 6 | . 3 2 . 1 Terminals 5 | . 3 2 . . Fabricators . | . . . . . Repair Stations . | . . . . . Recycling Units . | . . . . . Scanalyzers . | . . . . . Garrison Access . | . . . . . Total Hacks 14 | . 8 5 . 1 Successful 5 | . 2 2 . 1 Failed 9 | . 6 3 . . Catastrophic . | . . . . . Database Lockouts . | . . . . . Manual 14 | . 8 5 . 1 Terminals 13 | . 8 5 . . Fabricators . | . . . . . Repair Stations . | . . . . . Recycling Units . | . . . . . Scanalyzers . | . . . . . Garrison Access . | . . . . . Terminal Hacks 5 | . 2 2 . 1 Level Access Points 2 | . 1 1 . . Branch Access Points 2 | . 1 1 . . EX-Prototype ID Bank 1 | . . . . 1 Fabricator Hacks . | . . . . . Repair Station Hacks . | . . . . . Recycling Unit Hacks . | . . . . . Scanalyzer . | . . . . . Garrison Access Hacks . | . . . . . Unauthorized Hacks . | . . . . . Terminals . | . . . . . Fabricators . | . . . . . Repair Stations . | . . . . . Recycling Units . | . . . . . Scanalyzers . | . . . . . Garrison Access . | . . . . . Data Cores Recovered . | . . . . . Used . | . . . . . Hacking Detections 5 | . 3 2 . . Full Trace Events 1 | . . 1 . . Feedback Events . | . . . . . Feedback Blocked . | . . . . . Robot Schematics Acquired . | . . . . . Robots Built . | . . . . . Matter . | . . . . . Time . | . . . . . Total Robot Build Rating . | . . . . . Part Schematics Acquired . | . . . . . Parts Built . | . . . . . Matter . | . . . . . Time . | . . . . . Total Part Build Rating . | . . . . . Parts Repaired . | . . . . . Time . | . . . . . Parts Recycled . | . . . . . Recycled Matter . | . . . . . Retrieved Matter . | . . . . . Retrieved Components . | . . . . . Parts Scanalyzed . | . . . . . Part Schematics Acquired . | . . . . . Parts Damaged . | . . . . . Bothacking | -11 -10 -9 -9 -9 ------------ Run | Scr Mat Mat Min Exi Used RIF Installer . | . . . . . Robots Hacked . | . . . . . Non-combat . | . . . . . Combat . | . . . . . Robot Hacks Applied . | . . . . . Relay Couplers Released . | . . . . . Robots Rewired . | . . . . . Allies Hacked . | . . . . . Hacks Repelled . | . . . . . Allies | -11 -10 -9 -9 -9 -------- Run | Scr Mat Mat Min Exi Total Allies . | . . . . . Largest Group . | . . . . . Highest-Rated Group . | . . . . . Highest-Rated Ally . | . . . . . Total Orders . | . . . . . Ally Attacks . | . . . . . Total Damage . | . . . . . Kills . | . . . . . Allies Corrupted . | . . . . . Allies Melted . | . . . . . Intel | -11 -10 -9 -9 -9 ------- Run | Scr Mat Mat Min Exi Robot Analysis Total . | . . . . . Derelict Logs Recovered . | . . . . . Drone Launches . | . . . . . Drone Recoveries . | . . . . . Exploration | -11 -10 -9 -9 -9 ------------- Run | Scr Mat Mat Min Exi Turns Passed 254 | 13 56 27 94 64 Spaces Moved 449 | 27 119 67 117 119 Core 94 | 27 67 . . . Treads . | . . . . . Legs . | . . . . . Wheels . | . . . . . Hover . | . . . . . Flight 355 | . 52 67 117 119 Fastest Speed 40 | 50 40 40 40 40 Average Speed 42 | 50 45 40 40 40 Slowest Speed 50 | 50 50 40 40 40 Overloaded Moves . | . . . . . Propulsion Burnouts . | . . . . . Robots Hopped 13 | . 2 1 10 . Cave-ins Triggered . | . . . . . Exploration Rate (%) 26 | 3 27 14 44 42 Regions Visited 4 Branch Regions 2 Pre-discovered Areas . | . . . . . Known Exits Taken 4 | 1 1 1 1 . Unknown Exits Taken . | . . . . . Scrap Searched . | . . . . . Spaces Dug . | . . . . . Terrain Destroyed . | . . . . . Melee . | . . . . . Projectile . | . . . . . AOE . | . . . . . Terrain Rammed . | . . . . . Walls Destroyed . | . . . . . Machines Disabled . | . . . . . Actions | -11 -10 -9 -9 -9 --------- Run | Scr Mat Mat Min Exi Total 496 | 26 117 65 153 135 Wait 62 | . . . 46 16 Move 425 | 26 115 64 101 119 Hop 7 | . 1 1 5 . Pick Up . | . . . . . Fast Attach 1 | . 1 . . . Attach . | . . . . . Detach . | . . . . . Swap . | . . . . . Drop . | . . . . . Fire . | . . . . . Melee . | . . . . . Ram . | . . . . . Kick . | . . . . . Crush . | . . . . . Escape Stasis . | . . . . . Rewire . | . . . . . Trap . | . . . . . Miscellaneous 1 | . . . 1 . Route ------- -11/Scrapyard -10/Materials (discovered 4 exits: *Mat x3 / *Min) -9/Materials (discovered 7 exits: Mat x3 / *Min x2 / Sto x2) -9/Mines (discovered 2 exits: *Exi / [*Zio]) -9/Exiles History --------- Turn | Location | Event 4 | -11/Scrapyard | Identified exit to Materials 4 | -11/Scrapyard | Discovered exit to Materials (range 16) 14 | -11/Scrapyard | Entered Materials 27 | -10/Materials | Identified exit to Mines 38 | -10/Materials | Identified exit to Materials 70 | -10/Materials | Entered another Materials area 72 | -9/Materials | Reached level 2 72 | -9/Materials | Reached level 3 75 | -9/Materials | Identified exit to Materials 85 | -9/Materials | Identified exit to Mines 85 | -9/Materials | Identified exit to Storage 97 | -9/Materials | Entered Mines 98 | -9/Mines | Assembled infested the area 123 | -9/Mines | Met 8R-AWN 180 | -9/Mines | A Derelict revealed a hidden shortcut to a safe place 189 | -9/Mines | Identified exit to Exiles 189 | -9/Mines | Discovered exit to Exiles (range 5) 191 | -9/Mines | Entered Exiles 218 | -9/Exiles | Welcomed by 8R-AWN 224 | -9/Exiles | Met EX-HEX 238 | -9/Exiles | Met EX-BIN 243 | -9/Exiles | Reached level 4 243 | -9/Exiles | Aligned with FarCom system 244 | -9/Exiles | Given EX-Vault access code 254 | -9/Exiles | Opened EX-Vault 255 | -9/Exiles | Self-destructed Last Messages --------------- Modified TNC 0b10 Alert Chip Cloak of Protection Skeleton Box Trap Reconfigurator Supersonic Drone Bay Army-in-a-Box PSU Rigger Chronowheel AWS/Thermal Latent Energy Streamer Gui. Plasma Cannon Firepult YOLO Cannon AWS/Gauss XL Autogun Array AWS/Autocannon Field Lobotomy Kit Longsword +1 Deploy-a-Sentry Map ----- +----------------------------------------------------+ | | | | | | | | | | | | | | | | | | | | | | | | | | | | | | | | | | | | | | | | | | | ???????????????????#########?????????????????????? | | ???????????????????# !! #?????????????????????? | | ???????????????????# #?????????????????????? | | ???????????????????#% #?????????????????????? | | ???????????????????# @X#?????????????????????? | | ???????????????????## ##?????????????????????? | | ???????????????????#X #??????????????????????? | | ???????????????????## #??????????????????????? | | ????????????????????# #??????????????????????? | | ????????????????????# #???###????????????????? | | ????????????????????# #??"""""???????????????? | | ????????????????????# ## """???????????????? | | ????????????????????# X""???????????????? | | ????????????????????# ## """???????????????? | | ??????????????####??# #??"""""???????????????? | | ??????????????"""""?# #???###????????????????? | | ?????????????"""" ## #??????????????????????? | | ????????????#""X" #??????????????????????? | | ????????????#" #??????????????????????? | | ????????????#" ## #??????????????????????? | | ????????????#""""""?# #?#########????????????? | | ?????????????#"###??# #?#"""""""#????????????? | | ????????????????????# #?#"""""""#????????????? | | ????????????????????# #?#"""""""#????????????? | | ???????????????????## ###"" """"#????????????? | | ???????????????????#" """"#????????????? | | ???????????????????#" """#????????????? | | ???????????????????#" """#????????????? | | ???????????????????#" """#????????????? | +----------------------------------------------------+ Best States ------------- Heat Dissipation 25 Energy Generation 5 Energy Capacity 100 Matter Stores 300 Matter Capacity 300 Sight Range 16 Terrain Scan Density 10 Resistance: KI 35 Resistance: TH 35 Resistance: EX 35 Resistance: EM 35 Resistance: I 35 Resistance: S 35 Resistance: P 35 Evasion (%) 62 Offensive Hacking 20 Item Schematics ----------------- None Robot Schematics ------------------ None Fabricated ------------ Nothing Alien Tech Used ----------------- None Achievements -------------- None Challenges ------------ None RPGLIKE | -11 -10 -9 -9 -9 --------- Run | Scr Mat Mat Min Exi Levels Raised 3 | . . 2 . 1 XP Earned 10592 | 6000 160 3330 649 453 Upgrades . | . . . . . Protomatter Created . | . . . . . Integrity Restored 15 | . . . 15 . Core 15 | . . . 15 . Protomatter Decayed 7 | . . . 7 . Game ------ Seed q34gtiub Manual? 1 Play Time 00:05:01 Cumulative 289.5 hours Start 2021.10.06 @ 14:50:29 End 2021.10.06 @ 14:55:18 Sessions 1 Manual Loads 0 Difficulty Explorer Special Mode Winter2019/RPGLIKE Game No. 87 Rogue 0 Adventurer 0 Explorer 87 Win Type - Total 26 Types 15/3/1/1/1/2/1/2/0 Lore% 72 Gallery% 85 Achievement% 80 Wizard Run 0 Options --------- ASCII 1 Keyboard 0 Movement Arrows Keybinds 0 Fullscreen 2 Font 18/SmallcapsGlow Map View 76x50 Tactical HUD 1 Map Filters NONE Filters NONE Steam 1 RUN: b6b5d457-9b3c-4810-9600-fe9c58f94249